[Event "Titled Tuesday Blitz March 14 Late 2023"]
[White "Dorato, Adriano"]
[Black "Tsyhanchuk, Stanislav"]
[WhiteFideId "2802894"]
[BlackFideId "13505130"]
[WhiteElo "1709"]
[BlackElo "2173"]
[Result "0-1"]
[Round "06"]
[TimeControl "180+2"]
[Date "2023.03.14"]
[WhiteClock "0:00:02"]
[BlackClock "0:00:08"]

1. d4 Nf6 2. Nf3 e6 3. e3 d5 4. Bd3 c5 5. O-O Nc6 6. c3 Be7 7. Nbd2 b6 8. Qe2 O-O 9. e4 dxe4 10. Nxe4 cxd4 11. Nxf6+ Bxf6 12. Qe4 g6 13. Qxc6 Bd7 14. Qe4 dxc3 15. bxc3 Bxc3 16. Rb1 Rc8 17. Bh6 Bc6 18. Qe3 Re8 19. Rfd1 Qf6 20. Bg5 Qg7 21. Be4 Bxe4 22. Qxe4 f6 23. Be3 f5 24. Qd3 e5 25. Qd7 f4 26. Qxg7+ Kxg7 27. Rd7+ Kf6 28. Bd2 Bxd2 29. Rxd2 e4 30. Ne1 g5 31. Rbd1 Re6 32. h3 h5 33. Nc2 Rec6 34. Nb4 Re6 35. Rd6 a5 36. Rxe6+ Kxe6 37. Nd5 b5 38. Kf1 b4 39. Ke2 Rc6 40. Rd2 Ke5 41. f3 e3 42. Rd1 Rc2+ 43. Ke1 Rxg2 44. Nb6 Rxa2 45. Nc4+ Ke6 46. Rd6+ Ke7 47. Rd5 b3 48. Rxg5 b2 49. Nxb2 Rxb2 50. Rxa5 Rh2 51. Rxh5 Kf6 52. Kf1 Kg6 53. Rh4 Kg5 54. Rh8 Kf5 55. Rh5+ Kf6 56. Rh8 Ke5 57. Ke1 Kd4 58. h4 Rh1+ 59. Ke2 Rh2+ 60. Ke1 e2 61. Rd8+ Ke3 62. Re8+ Kxf3 63. h5 Rh1+ 64. Kd2 Rd1+ 65. Kc2 e1=Q 66. Rxe1 Rxe1 67. h6 Re8 0-1


[Site "https://www.chess.com"]

[Event "Titled Tuesday Blitz March 14 Late 2023"]
[White "Desideri, Ricardo Maruchi"]
[Black "Romero Ruscalleda, Josep"]
[WhiteFideId "2110440"]
[BlackFideId "2231859"]
[WhiteElo "1945"]
[BlackElo "2183"]
[Result "0-1"]
[Round "06"]
[TimeControl "180+2"]
[Date "2023.03.14"]
[WhiteClock "0:00:01"]
[BlackClock "0:01:01"]

1. e4 g6 2. d4 Bg7 3. c4 d6 4. Nc3 e5 5. Nf3 Nc6 6. d5 Nce7 7. Be2 f5 8. Ng5 Nf6 9. O-O O-O 10. Ne6 Bxe6 11. dxe6 Nxe4 12. Nxe4 fxe4 13. Bg5 Rf5 14. Qd2 Bf6 15. Bh6 Bg7 16. Bg5 Qe8 17. Bg4 Rf8 18. Rfe1 Nf5 19. Bxf5 gxf5 20. e7 Rf7 21. Qd5 Rb8 22. Re3 Qc6 23. Qe6 d5 24. cxd5 Qb6 25. e8=Q+ Rxe8 26. Qxe8+ Rf8 27. Qe6+ Qxe6 28. dxe6 Re8 29. e7 Kf7 30. Rd1 h6 31. Bh4 Bf6 32. Bxf6 Kxf6 33. Rd7 Rxe7 34. Rxe7 Kxe7 35. Rh3 Kd6 36. Rxh6+ Kd5 37. Kf1 f4 38. Ke2 a5 39. Kd2 b5 40. b3 c5 41. Ra6 a4 42. bxa4 b4 43. Ra8 c4 44. Rb8 c3+ 45. Kc2 e3 46. fxe3 fxe3 47. Rc8 e2 48. Rd8+ Ke4 49. Rb8 e1=Q 50. Rxb4+ Ke3 51. Rb3 Qd2+ 52. Kb1 Kd3 53. a3 Qd1+ 54. Ka2 Kc4 55. Rb4+ Kc5 0-1


[Site "https://www.chess.com"]

[Event "Titled Tuesday Blitz March 14 Late 2023"]
[White "Vargas Pereda, Jesus Manue"]
[Black "Clawitter, Craig"]
[WhiteFideId "5115710"]
[BlackFideId "2023105"]
[WhiteElo "1914"]
[BlackElo "2246"]
[Result "1-0"]
[Round "06"]
[TimeControl "180+2"]
[Date "2023.03.14"]
[WhiteClock "0:00:47"]
[BlackClock "0:00:53"]

1. d4 e6 2. Bf4 Nf6 3. e3 b6 4. Nf3 Bb7 5. Bd3 Be7 6. Nbd2 Nh5 7. Be5 d6 8. Bg3 Nd7 9. O-O Nxg3 10. hxg3 O-O 11. e4 c5 12. c3 a6 13. Qe2 b5 14. a4 b4 15. e5 bxc3 16. bxc3 cxd4 17. cxd4 dxe5 18. dxe5 Nc5 19. Bc2 Qd5 20. Rfd1 Rfd8 21. Ne4 Qc6 22. Nxc5 Bxc5 23. Rac1 Rac8 24. Nh4 Rxd1+ 25. Rxd1 Bxf2+ 26. Qxf2 g5 27. Bxh7+ Kxh7 28. Qxf7+ Kh8 29. Ng6# 1-0


[Site "https://www.chess.com"]

[Event "Titled Tuesday Blitz March 14 Late 2023"]
[White "Allansdottir, Rakel Elaisa"]
[Black "Ferriz Barrios, Andres"]
[WhiteFideId "2323974"]
[BlackFideId "5104467"]
[WhiteElo "1800"]
[BlackElo "2242"]
[Result "1-0"]
[Round "06"]
[TimeControl "180+2"]
[Date "2023.03.14"]
[WhiteClock "0:02:23"]
[BlackClock "0:02:47"]

1. e4 c5 2. c3 Nc6 3. d4 cxd4 4. cxd4 g6 5. Nc3 Bg7 6. Nf3 e6 7. Bc4 Nge7 8. O-O d5 9. exd5 exd5 10. Bb5 O-O 11. Bg5 a6 12. Ba4 f6 13. Be3 Nf5 14. Bb3 Be6 15. Re1 Re8 16. Bf4 Na5 17. Rxe6 Nxb3 18. Rxe8+ Qxe8 19. axb3 1-0


[Site "https://www.chess.com"]

[Event "Titled Tuesday Blitz March 14 Late 2023"]
[White "Khismatullin, Denis"]
[Black "Deac, Bogdan-Daniel"]
[WhiteFideId "4142578"]
[BlackFideId "1226380"]
[WhiteElo "2531"]
[BlackElo "2649"]
[Result "1-0"]
[Round "07"]
[TimeControl "180+2"]
[Date "2023.03.14"]
[WhiteClock "0:00:14"]
[BlackClock "0:00:02"]

1. d4 Nf6 2. c4 e6 3. Nf3 d5 4. Nc3 c5 5. cxd5 cxd4 6. Qxd4 exd5 7. Bg5 Be7 8. e3 O-O 9. Rd1 Nc6 10. Qa4 Bb4 11. Bb5 h6 12. Bh4 g5 13. Bxc6 Bxc3+ 14. bxc3 bxc6 15. Bg3 Ne4 16. Qxc6 Be6 17. O-O Rc8 18. Qa6 Nxc3 19. Rd2 Qb6 20. Qxb6 axb6 21. Rb2 b5 22. Nd4 Rc4 23. Nxb5 Nxb5 24. Rxb5 Ra8 25. Be5 Rxa2 26. Rb8+ Rc8 27. Rxc8+ Bxc8 28. h3 Be6 29. Rb1 Ra8 30. Rb7 Kh7 31. Bd4 Kg6 32. f3 h5 33. g4 hxg4 34. hxg4 Rc8 35. Kf2 Ra8 36. Kg3 Rc8 37. f4 gxf4+ 38. exf4 Rc4 39. f5+ Bxf5 40. gxf5+ Kxf5 41. Rxf7+ Ke4 42. Bf6 d4 43. Rd7 Ke3 44. Re7+ Kd2 45. Kf2 d3 46. Bg5+ Kc2 47. Rd7 Rc5 48. Bf4 Rc4 49. Be3 Re4 50. Rc7+ Kb3 51. Kf3 Re8 52. Bd2 Re6 53. Rc3+ Kb2 54. Rxd3 Kc2 55. Rd5 Re8 56. Bf4 Re6 57. Be5 Rh6 58. Ke4 Rh3 59. Rb5 Rb3 60. Ra5 Kb1 61. Kd4 Kc2 62. Kc4 Rf3 63. Bd4 Kd2 64. Ra2+ Ke1 65. Kd5 Kf1 66. Ke4 Rh3 67. Rf2+ Ke1 68. Rg2 Kf1 69. Rf2+ Ke1 70. Be3 Rh8 71. Ra2 Rh3 72. Kd3 Kf1 73. Rf2+ Ke1 74. Rg2 Rh1 75. Re2+ Kf1 76. Rf2+ Ke1 77. Rf8 Rh3 78. Rf5 1-0


[Site "https://www.chess.com"]

[Event "Titled Tuesday Blitz March 14 Late 2023"]
[White "Vachier-Lagrave, Maxime"]
[Black "Nakamura, Hikaru"]
[WhiteFideId "623539"]
[BlackFideId "2016192"]
[WhiteElo "2740"]
[BlackElo "2879"]
[Result "0-1"]
[Round "07"]
[TimeControl "180+2"]
[Date "2023.03.14"]
[WhiteClock "0:00:03"]
[BlackClock "0:00:26"]

1. e4 e5 2. Nf3 Nc6 3. Bb5 a6 4. Ba4 d6 5. c3 Bd7 6. d4 Nf6 7. Nbd2 g6 8. O-O Bg7 9. Re1 b5 10. Bc2 O-O 11. h3 Re8 12. Nf1 Na5 13. b3 c5 14. d5 Nb7 15. a4 bxa4 16. bxa4 Na5 17. Ne3 Bc8 18. c4 Bh6 19. Bd2 Qc7 20. Qe2 Bd7 21. Bc3 Reb8 22. Nd2 Nb7 23. Kh2 Qc8 24. Qf1 Nd8 25. g3 Bg7 26. a5 Rb7 27. Ba4 Bxa4 28. Rxa4 Rab8 29. Raa1 Ne8 30. Reb1 Bh6 31. Ng4 Bxd2 32. Bxd2 h5 33. Ne3 Nf6 34. Qd3 Rxb1 35. Rxb1 Rxb1 36. Qxb1 Qb7 37. Qxb7 Nxb7 38. f3 Nh7 39. Kg2 f6 40. f4 Nf8 41. h4 Nh7 42. Kf3 Nd8 43. Nd1 Nf7 44. Nc3 Kf8 45. Nb5 Ke7 46. Nc7 Kd7 47. Nxa6 Kc8 48. Be3 exf4 49. gxf4 g5 50. hxg5 fxg5 51. e5 gxf4 52. e6 fxe3 53. Kxe3 Ne5 54. e7 Nf6 55. Kf4 Ned7 56. Kf5 h4 57. Ke6 h3 58. Nxc5 dxc5 0-1


[Site "https://www.chess.com"]

[Event "Titled Tuesday Blitz March 14 Late 2023"]
[White "Naroditsky, Daniel"]
[Black "Svane, Frederik"]
[WhiteFideId "2026961"]
[BlackFideId "12923044"]
[WhiteElo "2633"]
[BlackElo "2502"]
[Result "1-0"]
[Round "07"]
[TimeControl "180+2"]
[Date "2023.03.14"]
[WhiteClock "0:00:32"]
[BlackClock "0:00:03"]

1. d4 Nf6 2. Nc3 d5 3. Bf4 e6 4. Nb5 Na6 5. e3 Be7 6. Nf3 O-O 7. Be2 Nh5 8. Be5 c6 9. Nc3 f6 10. Bg3 c5 11. Bxa6 bxa6 12. dxc5 Bxc5 13. Nd4 Nxg3 14. hxg3 Qd7 15. Qh5 g6 16. Qh4 Qb7 17. O-O-O Rb8 18. Nb3 Bb4 19. Rd4 Rf7 20. e4 Bxc3 21. bxc3 a5 22. exd5 exd5 23. Rhd1 Be6 24. Ra4 Rc7 25. Qxf6 Qb6 26. Qd4 Rbc8 27. Rd3 Bf5 28. Re3 Qxd4 29. Nxd4 Rxc3 30. Rxc3 Rxc3 31. Rxa5 Be4 32. f3 Rc4 33. fxe4 Rxd4 34. exd5 Kg7 35. Rxa7+ Kf6 36. Rxh7 Rxd5 37. Rh4 Rg5 38. Rf4+ Ke5 39. Rf3 Rg4 40. Kb2 Kd5 41. Rc3 g5 42. Kb3 Re4 43. a4 Re1 44. Kb2 Rg1 45. a5 Rxg2 46. a6 Rh2 47. a7 Rh8 48. Ra3 Ra8 1-0


[Site "https://www.chess.com"]

[Event "Titled Tuesday Blitz March 14 Late 2023"]
[White "Erigaisi Arjun"]
[Black "Van Foreest, Jorden"]
[WhiteFideId "35009192"]
[BlackFideId "1039784"]
[WhiteElo "2737"]
[BlackElo "2633"]
[Result "1-0"]
[Round "07"]
[TimeControl "180+2"]
[Date "2023.03.14"]
[WhiteClock "0:00:03"]
[BlackClock "0:00:02"]

1. b3 b6 2. e4 Bb7 3. Nc3 c5 4. Nf3 e6 5. Be2 Nc6 6. O-O a6 7. d4 cxd4 8. Nxd4 Nxd4 9. Qxd4 Nf6 10. e5 Bc5 11. Qd3 Nd5 12. Nxd5 Bxd5 13. c4 Bc6 14. Qg3 Kf8 15. Be3 h5 16. Rad1 h4 17. Qh3 Qe7 18. Bc1 g6 19. Qg4 Rh5 20. Qh3 Rxe5 21. Qc3 f6 22. Bf3 Bxf3 23. Qxf3 Rd8 24. Qg4 Qh7 25. Bf4 Rf5 26. h3 d6 27. Bd2 Qh5 28. b4 Kf7 29. bxc5 Qxg4 30. hxg4 Rxc5 31. Rb1 Rb8 32. Rb4 a5 33. Ra4 Rbc8 34. Rb1 Rxc4 35. Rxc4 Rxc4 36. Rxb6 Rxg4 37. Bxa5 Ra4 38. Bc3 e5 39. Rxd6 Rxa2 40. f4 Rc2 41. Rc6 exf4 42. Rxf6+ Ke7 43. Bd4 g5 44. Rf5 Rd2 45. Bc5+ Ke6 46. Rxg5 Rd3 47. Rg6+ Kf5 48. Rg8 h3 49. gxh3 Rxh3 50. Bf2 Rh6 51. Kf1 Rg6 52. Rf8+ Rf6 53. Ra8 Re6 54. Ra4 Re4 55. Ra3 Kg4 56. Be1 Re3 57. Ra8 Re5 58. Bd2 Re4 59. Kf2 Rc4 60. Rg8+ Kf5 61. Kf3 Rd4 62. Rf8+ Ke6 63. Bxf4 Rd7 64. Ke4 Rf7 65. Ra8 Rf6 66. Bg5 Rg6 67. Ra5 Rg7 68. Ra6+ Kf7 69. Kf5 Kg8 70. Bf6 Rd7 71. Ke6 Rf7 72. Ra8+ Rf8 73. Ra7 Re8+ 74. Kf5 Re1 75. Kg6 Rg1+ 76. Bg5 Rf1 77. Rg7+ Kf8 78. Rh7 Ke8 79. Re7+ Kf8 80. Re4 Rg1 81. Rd4 Re1 82. Rh4 Ke8 83. Rd4 Kf8 84. Rd7 Re6+ 85. Bf6 Ke8 86. Rd5 Re1 87. Rd8# 1-0


[Site "https://www.chess.com"]

[Event "Titled Tuesday Blitz March 14 Late 2023"]
[White "Caruana, Fabiano"]
[Black "Lenderman, Aleksandr"]
[WhiteFideId "2020009"]
[BlackFideId "2021285"]
[WhiteElo "2818"]
[BlackElo "2607"]
[Result "1-0"]
[Round "07"]
[TimeControl "180+2"]
[Date "2023.03.14"]
[WhiteClock "0:00:48"]
[BlackClock "0:01:04"]

1. c4 e5 2. Nc3 d6 3. Nf3 f5 4. g3 Be7 5. d3 Nf6 6. Bh3 O-O 7. O-O c6 8. b4 Ng4 9. Bg2 Be6 10. b5 Nd7 11. h3 Nh6 12. Bxh6 gxh6 13. Rb1 Qc7 14. e3 Bf6 15. Nd2 Nc5 16. Qc2 f4 17. bxc6 bxc6 18. Nde4 Bg7 19. Nxc5 dxc5 20. Qe2 Qf7 21. Qf3 Rac8 22. Ne4 Qe7 23. Qh5 Rf5 24. Qd1 Rcf8 25. Bf3 fxe3 26. fxe3 R5f7 27. Kg2 Bf5 28. Qe2 Qe6 29. Bg4 Bxe4+ 30. dxe4 Qe7 31. Bf5 Rd8 32. Rb2 Qd6 33. h4 Kh8 34. Rfb1 Rff8 35. Kh3 Qd3 36. Qxd3 Rxd3 37. Rb7 1-0


[Site "https://www.chess.com"]

[Event "Titled Tuesday Blitz March 14 Late 2023"]
[White "Duda, Jan-Krzysztof"]
[Black "Bacrot, Etienne"]
[WhiteFideId "1170546"]
[BlackFideId "605506"]
[WhiteElo "2790"]
[BlackElo "2663"]
[Result "1-0"]
[Round "07"]
[TimeControl "180+2"]
[Date "2023.03.14"]
[WhiteClock "0:00:41"]
[BlackClock "0:00:43"]

1. e4 c5 2. Nf3 d6 3. Bc4 Nf6 4. d3 Nc6 5. c3 e6 6. Bb3 Be7 7. O-O O-O 8. Re1 b5 9. Nbd2 Bb7 10. Nf1 a5 11. Ng3 a4 12. Bc2 Qa5 13. a3 Rfc8 14. d4 cxd4 15. cxd4 b4 16. Bd2 Qb6 17. Be3 b3 18. Bb1 d5 19. e5 Nd7 20. h4 Ba6 21. Ng5 Nf8 22. Qf3 Bxg5 23. hxg5 Na5 24. Nh5 Nc4 25. Nf6+ gxf6 26. gxf6 Nxe3 27. Qxe3 1-0


[Site "https://www.chess.com"]

[Event "Titled Tuesday Blitz March 14 Late 2023"]
[White "Steinberg, Nitzan"]
[Black "Lazavik, Denis"]
[WhiteFideId "2801795"]
[BlackFideId "13515110"]
[WhiteElo "2486"]
[BlackElo "2560"]
[Result "1-0"]
[Round "07"]
[TimeControl "180+2"]
[Date "2023.03.14"]
[WhiteClock "0:00:21"]
[BlackClock "0:00:01"]

1. e4 c5 2. Nf3 e6 3. d4 cxd4 4. Nxd4 Nc6 5. Nc3 Qc7 6. Be3 a6 7. Be2 Nf6 8. O-O Be7 9. f4 d6 10. Qe1 O-O 11. Kh1 Nxd4 12. Bxd4 b5 13. a3 Bb7 14. Qg3 Bc6 15. Bd3 Qb7 16. Rae1 b4 17. axb4 Qxb4 18. Ne2 Qb7 19. Nc3 Qb4 20. Ne2 Qb7 21. Ng1 d5 22. Bxf6 Bxf6 23. e5 Be7 24. Nf3 Bb5 25. Bxb5 axb5 26. f5 exf5 27. Nd4 g6 28. Nxf5 Kh8 29. Nd6 Bxd6 30. exd6 Rae8 31. Qg5 Kg8 32. Qf6 Rxe1 33. Rxe1 Qc6 34. h4 h5 35. c3 Qd7 36. Re7 Qc6 37. Kh2 Qb6 38. Qf4 Qc6 39. d7 Qb6 40. Re8 Kg7 41. Qd4+ Qxd4 42. cxd4 1-0


[Site "https://www.chess.com"]

[Event "Titled Tuesday Blitz March 14 Late 2023"]
[White "Chigaev, Maksim"]
[Black "Bluebaum, Matthias"]
[WhiteFideId "4108116"]
[BlackFideId "24651516"]
[WhiteElo "2547"]
[BlackElo "2638"]
[Result "1/2-1/2"]
[Round "07"]
[TimeControl "180+2"]
[Date "2023.03.14"]
[WhiteClock "0:00:06"]
[BlackClock "0:00:07"]

1. c4 e6 2. g3 d5 3. Bg2 Nf6 4. Nf3 Nc6 5. O-O Bd6 6. d4 O-O 7. Bg5 h6 8. Bxf6 Qxf6 9. cxd5 exd5 10. Nc3 Ne7 11. e4 dxe4 12. Nxe4 Qe6 13. Re1 c6 14. Nc5 Qf6 15. Ne5 Rd8 16. Qb3 Bc7 17. Rad1 Nd5 18. a3 Bb6 19. h3 Bf5 20. Nxb7 Rdb8 21. Nxc6 Rxb7 22. Qxd5 Rc8 23. Ne7+ Rxe7 24. Rxe7 Qxe7 25. Qxf5 Rd8 26. Bd5 Rd6 27. Kg2 g6 28. Qf3 Kg7 29. Rd2 Qd7 30. Bb3 Bxd4 31. Bc4 Qc7 32. b3 Rf6 33. Qe4 Bc5 34. Qd5 Qb6 35. Qe5 Bxf2 36. Rd3 Bc5 37. Rf3 Bd4 38. Rxf6 Bxe5 39. Rxb6 axb6 40. a4 f5 41. Kf3 Kf6 42. g4 Bd6 43. Bd3 Ke5 44. Bc2 Bb4 45. Bd3 Kd4 46. Bb1 fxg4+ 47. hxg4 g5 48. Bg6 Kc3 49. Bf7 Kd3 50. Bg8 Kd4 51. Bf7 Kd3 1/2-1/2


[Site "https://www.chess.com"]

[Event "Titled Tuesday Blitz March 14 Late 2023"]
[White "Ibarra Jerez, Jose Carlos"]
[Black "Sarana, Alexey"]
[WhiteFideId "2226332"]
[BlackFideId "24133795"]
[WhiteElo "2638"]
[BlackElo "2714"]
[Result "1-0"]
[Round "07"]
[TimeControl "180+2"]
[Date "2023.03.14"]
[WhiteClock "0:00:06"]
[BlackClock "0:00:02"]

1. a3 g6 2. e4 Bg7 3. d4 d5 4. exd5 Qxd5 5. Nf3 Bg4 6. Be2 Nc6 7. c4 Qd7 8. d5 Bxf3 9. Bxf3 Nd4 10. O-O Nxf3+ 11. Qxf3 Nf6 12. Nc3 O-O 13. Bg5 Rfe8 14. Rad1 c6 15. Rfe1 Rac8 16. d6 h6 17. dxe7 Qf5 18. Qxf5 gxf5 19. Bf4 Nh5 20. Bd6 b6 21. c5 Bf6 22. f3 Ng7 23. cxb6 axb6 24. Na4 c5 25. Nxb6 Rc6 26. Nc4 Ne6 27. Rd5 f4 28. Rf5 Bxe7 29. Bxf4 Bf8 30. Bd2 Rd8 31. Bc3 Rc7 32. Rfe5 Bg7 33. Ba5 Bxe5 34. Nxe5 Rb8 35. Bxc7 Nxc7 36. Nc4 Ne6 37. Kf2 Nd4 38. Re5 Nb3 39. Rd5 Re8 40. Rd6 Ra8 41. Rxh6 Kg7 42. Rd6 Rh8 43. h3 Rh4 44. Ne3 Ra4 45. g4 Nd4 46. h4 Ne6 47. h5 c4 48. Rc6 Nf4 49. Rxc4 Nd3+ 50. Kg3 Ra6 51. Nf5+ Kf6 52. Rd4 Nxb2 53. Rd6+ Rxd6 54. Nxd6 Ke6 55. Ne4 Nc4 56. Kf4 Nxa3 57. h6 f5 58. h7 1-0


[Site "https://www.chess.com"]

[Event "Titled Tuesday Blitz March 14 Late 2023"]
[White "Ozen, Bahadir"]
[Black "Daneshvar, Bardiya"]
[WhiteFideId "6337058"]
[BlackFideId "12576468"]
[WhiteElo "2503"]
[BlackElo "2468"]
[Result "1/2-1/2"]
[Round "07"]
[TimeControl "180+2"]
[Date "2023.03.14"]
[WhiteClock "0:00:41"]
[BlackClock "0:00:32"]

1. d4 Nf6 2. c4 e6 3. Nf3 d5 4. Nc3 Bb4 5. Bg5 h6 6. Bxf6 Qxf6 7. e3 O-O 8. Rc1 Nc6 9. cxd5 exd5 10. a3 Bxc3+ 11. Rxc3 Qg6 12. Nh4 Qf6 13. Nf3 Qg6 14. Nh4 Qd6 15. Be2 Ne7 16. O-O a5 17. Qc2 c6 18. Bd3 Bg4 19. h3 Qf6 20. hxg4 Qxh4 21. Qe2 Nc8 22. g3 Qe7 23. Qf3 Nd6 24. Kg2 Rad8 25. Rh1 Ne4 26. Bxe4 dxe4 27. Qe2 Rd5 28. Rh5 Rfd8 29. Rc5 Qe6 30. Rhxd5 Rxd5 31. Rxd5 Qxd5 32. Qd2 Qg5 33. Qd1 g6 34. Kh3 Qb5 35. Qd2 Qd3 36. Qe1 Qc2 37. Kg2 Qxb2 38. Qxa5 Qb3 39. Qd8+ Kg7 40. Qe7 Qb1 41. Qe5+ Kg8 42. Qe8+ Kg7 43. Qe5+ Kg8 44. Qe8+ Kg7 45. Qe5+ 1/2-1/2


[Site "https://www.chess.com"]

[Event "Titled Tuesday Blitz March 14 Late 2023"]
[White "Visakh N R"]
[Black "Svane, Rasmus"]
[WhiteFideId "25012223"]
[BlackFideId "4657101"]
[WhiteElo "2466"]
[BlackElo "2597"]
[Result "0-1"]
[Round "07"]
[TimeControl "180+2"]
[Date "2023.03.14"]
[WhiteClock "0:00:39"]
[BlackClock "0:00:54"]

1. e4 c6 2. Nf3 d5 3. Nc3 dxe4 4. Nxe4 Nf6 5. Qe2 Nxe4 6. Qxe4 Qa5 7. Bc4 Bf5 8. Qe5 Qxe5+ 9. Nxe5 e6 10. d3 Bd6 11. Bf4 Nd7 12. Nxd7 Bxf4 13. Nc5 O-O-O 14. Bb3 b6 15. Ne4 Bxe4 16. dxe4 Rd4 17. Rd1 Rxe4+ 18. Kf1 Rd8 19. Rxd8+ Kxd8 20. g3 Bc1 21. Kg2 Bxb2 22. Rd1+ Rd4 23. Rxd4+ Bxd4 24. c4 Ke7 25. f4 Kd6 26. Kf3 f5 27. h3 Kc5 28. Ba4 a6 29. Ke2 g6 30. Kd3 e5 31. Ke2 exf4 32. gxf4 Bb2 33. Ke3 Bc1+ 34. Kf3 h6 35. Kg3 g5 36. fxg5 Bxg5 37. h4 Bc1 38. h5 b5 39. cxb5 axb5 40. Bc2 f4+ 41. Kf3 Kd4 42. Bg6 c5 43. Ke2 c4 44. Be8 b4 45. Bf7 Kc3 46. Be6 Be3 47. Bf7 Bc5 48. Be6 Bd6 49. Bd5 b3 50. axb3 cxb3 51. Bf7 Kc2 0-1


[Site "https://www.chess.com"]

[Event "Titled Tuesday Blitz March 14 Late 2023"]
[White "Garcia Pantoja, Roberto"]
[Black "Bortnyk, Olexandr"]
[WhiteFideId "3509265"]
[BlackFideId "14120828"]
[WhiteElo "2544"]
[BlackElo "2734"]
[Result "0-1"]
[Round "07"]
[TimeControl "180+2"]
[Date "2023.03.14"]
[WhiteClock "0:00:34"]
[BlackClock "0:01:01"]

1. e4 Nf6 2. e5 Nd5 3. d4 d6 4. Nf3 dxe5 5. Nxe5 c6 6. Be2 Bf5 7. O-O Nd7 8. Nf3 e6 9. c4 N5f6 10. Nc3 Bd6 11. Nh4 Bg6 12. g3 O-O 13. Nxg6 hxg6 14. Be3 e5 15. Bf3 exd4 16. Qxd4 Bc5 17. Qd2 Bxe3 18. Qxe3 Re8 19. Qf4 Ne5 20. Bg2 Nh5 21. Qe4 Nd3 22. Qf3 Nxb2 23. Rab1 Nxc4 24. Rxb7 Nf6 25. Qxc6 Na5 26. Qb5 Nxb7 27. Qxb7 Qa5 28. Nd5 Rab8 29. Nxf6+ gxf6 30. Qc6 Re6 31. Qc4 Re5 32. h4 Kg7 33. Bf3 Re1 34. Rxe1 Qxe1+ 35. Kg2 Rb1 0-1


[Site "https://www.chess.com"]

[Event "Titled Tuesday Blitz March 14 Late 2023"]
[White "Dubov, Daniil"]
[Black "Ashraf, Artin"]
[WhiteFideId "24126055"]
[BlackFideId "22514805"]
[WhiteElo "2802"]
[BlackElo "2188"]
[Result "1-0"]
[Round "07"]
[TimeControl "180+2"]
[Date "2023.03.14"]
[WhiteClock "0:00:09"]
[BlackClock "0:00:23"]

1. e4 c5 2. Nc3 d6 3. g3 Nc6 4. Bg2 g6 5. Nge2 Bg7 6. O-O h5 7. h3 Bd7 8. d3 Nf6 9. Bg5 Rb8 10. a4 a6 11. Qd2 b5 12. axb5 axb5 13. Nd5 Nh7 14. Bh4 Qc8 15. f4 e6 16. Ne3 Bxb2 17. Rab1 Bf6 18. Bxf6 Nxf6 19. Qc3 Qd8 20. e5 b4 21. Qb2 dxe5 22. fxe5 Nh7 23. Nc4 O-O 24. h4 Ne7 25. Ra1 Bc6 26. Be4 Bd5 27. Nd6 Nf5 28. Rxf5 exf5 29. Bxd5 Nf6 30. Bxf7+ Kh7 31. Nf4 Ng4 32. Bxg6+ Kh6 33. Ra7 1-0


[Site "https://www.chess.com"]

[Event "Titled Tuesday Blitz March 14 Late 2023"]
[White "Costachi, Mihnea"]
[Black "Makhnev, Denis"]
[WhiteFideId "1217518"]
[BlackFideId "13707647"]
[WhiteElo "2456"]
[BlackElo "2525"]
[Result "0-1"]
[Round "07"]
[TimeControl "180+2"]
[Date "2023.03.14"]
[WhiteClock "0:00:02"]
[BlackClock "0:00:06"]

1. d4 Nf6 2. c4 e6 3. Nf3 d5 4. Nc3 c6 5. cxd5 exd5 6. Qc2 g6 7. Bg5 Be7 8. e3 Bf5 9. Bd3 Bxd3 10. Qxd3 O-O 11. O-O Nbd7 12. Rfe1 Re8 13. Rab1 a5 14. a3 Ne4 15. Bf4 a4 16. Nd2 Nxd2 17. Qxd2 Nb6 18. e4 dxe4 19. Rxe4 Bf6 20. Rbe1 Qd7 21. h3 Bg7 22. Rxe8+ Rxe8 23. Rxe8+ Qxe8 24. Bc7 Nc4 25. Qc2 b5 26. Ne2 Qd7 27. Bg3 Bxd4 28. b3 axb3 29. Qxb3 Bg7 30. Nf4 h5 31. a4 Na5 32. Qb4 Qd1+ 33. Kh2 Qxa4 34. Qd6 b4 35. h4 Qb5 36. Qd8+ Kh7 37. Nh3 f6 38. Nf4 b3 39. Qe8 Qf5 40. Qf7 b2 41. Ne6 Qxe6 42. Qxe6 b1=Q 43. Qe7 Qf5 44. Qc7 Qd5 45. Bd6 Nc4 46. Bg3 Ne5 47. Qb7 Ng4+ 48. Kh3 Qf5 49. f3 Ne3+ 50. Kh2 Qc2 51. Bf2 Qxf2 52. Qxc6 Qxg2# 0-1


[Site "https://www.chess.com"]

[Event "Titled Tuesday Blitz March 14 Late 2023"]
[White "Mahdavi, Reza"]
[Black "Kamsky, Gata"]
[WhiteFideId "12595926"]
[BlackFideId "2000024"]
[WhiteElo "2208"]
[BlackElo "2666"]
[Result "1/2-1/2"]
[Round "07"]
[TimeControl "180+2"]
[Date "2023.03.14"]
[WhiteClock "0:00:10"]
[BlackClock "0:00:21"]

1. e4 c5 2. Nf3 e6 3. c3 d5 4. exd5 exd5 5. d4 c4 6. b3 cxb3 7. axb3 Bd6 8. Bd3 Ne7 9. O-O O-O 10. Ba3 Nbc6 11. Bxd6 Qxd6 12. Na3 Bf5 13. Bxf5 Nxf5 14. Qd3 Qf6 15. Rfe1 g6 16. Ne5 Rfd8 17. Re2 Rac8 18. Rae1 Nxe5 19. Rxe5 Qc6 20. Nb1 a5 21. g4 Ng7 22. f4 f6 23. R5e3 Re8 24. Nd2 Qd7 25. h3 b5 26. Kf2 a4 27. bxa4 bxa4 28. Rxe8+ Nxe8 29. Ra1 Nd6 30. Qa6 Rxc3 31. Qxa4 Qxa4 32. Rxa4 Rxh3 33. Ra6 Ne4+ 34. Nxe4 dxe4 35. Rxf6 Rd3 36. Ke2 Rxd4 37. Ke3 Ra4 38. Re6 Kf7 39. Rxe4 Ra3+ 40. Kf2 h5 41. gxh5 gxh5 42. Re5 h4 43. Rh5 h3 44. Kg1 Rf3 45. Kh2 Rxf4 46. Rxh3 Kf6 47. Kg3 Kg5 48. Rh5+ Kxh5 49. Kxf4 1/2-1/2


[Site "https://www.chess.com"]

[Event "Titled Tuesday Blitz March 14 Late 2023"]
[White "Ruiz Castillo, Joshua Daniel"]
[Black "Rustemov, Alexander"]
[WhiteFideId "4400704"]
[BlackFideId "4119002"]
[WhiteElo "2491"]
[BlackElo "2940"]
[Result "1-0"]
[Round "07"]
[TimeControl "180+2"]
[Date "2023.03.14"]
[WhiteClock "0:00:20"]
[BlackClock "0:00:05"]

1. b3 d5 2. Bb2 Nf6 3. Nf3 Bf5 4. Nh4 Bd7 5. g3 e6 6. Bg2 Be7 7. c4 O-O 8. O-O c5 9. cxd5 Nxd5 10. Nf3 Nc6 11. Nc3 Nxc3 12. Bxc3 Bf6 13. Rc1 Bxc3 14. Rxc3 Qe7 15. d4 cxd4 16. Nxd4 Nxd4 17. Qxd4 Bb5 18. Rfc1 Rfd8 19. Qe5 Ba6 20. Rc7 Rd7 21. Rc8+ Rd8 22. Rxa8 Rxa8 23. Bf3 Rd8 24. Rc7 Qf6 25. Qxf6 gxf6 26. Bh5 Rd2 27. Bxf7+ Kh8 28. Bxe6 Rxe2 29. Bf5 Rxa2 30. Rxh7+ Kg8 31. Rc7 Ra5 32. g4 Rb5 33. h4 Rxb3 34. Be6+ Kh8 35. Bxb3 Bf1 36. Kxf1 a5 37. h5 a4 38. Bc2 b5 39. h6 f5 40. Bxf5 Kg8 41. Bg6 Kf8 42. h7 a3 43. h8=Q# 1-0


[Site "https://www.chess.com"]

[Event "Titled Tuesday Blitz March 14 Late 2023"]
[White "Averjanov, Alexey"]
[Black "Kramnik, Vladimir"]
[WhiteFideId "14109867"]
[BlackFideId "4101588"]
[WhiteElo "2725"]
[BlackElo "2712"]
[Result "0-1"]
[Round "07"]
[TimeControl "180+2"]
[Date "2023.03.14"]
[WhiteClock "0:00:01"]
[BlackClock "0:00:17"]

1. d4 Nf6 2. c4 e6 3. Nf3 Bb4+ 4. Nbd2 b6 5. g3 Bb7 6. Bg2 c5 7. O-O cxd4 8. Nxd4 Bxg2 9. Kxg2 O-O 10. a3 Be7 11. b3 Qc8 12. Bb2 Qb7+ 13. Kg1 Rd8 14. e3 Na6 15. Qe2 Nc5 16. Rfd1 h6 17. Rac1 Rac8 18. h3 a6 19. Kh2 d6 20. a4 Bf8 21. Ba1 Ncd7 22. Rb1 g6 23. N4f3 Bg7 24. Rbc1 e5 25. Nb1 Nc5 26. Nfd2 Nfe4 27. Nxe4 Nxe4 28. Nc3 Nxc3 29. Bxc3 d5 30. cxd5 Rxd5 31. Rxd5 Qxd5 32. Qxa6 Rb8 33. Qc4 Qf3 34. Kg1 Rd8 35. Be1 e4 36. b4 h5 37. h4 Be5 38. a5 bxa5 39. bxa5 g5 40. hxg5 h4 41. g6 Rf8 42. gxf7+ Rxf7 43. Qc8+ Kh7 44. Qh3 Bxg3 45. fxg3 Qxe3+ 46. Kh2 Qxc1 47. Qxh4+ Qh6 48. Qh3 Rf1 49. Bd2 Rf2+ 50. Kg1 Qxh3 51. Kxf2 Qf5+ 0-1


[Site "https://www.chess.com"]